 Dungeon Crawl Stone Soup version 0.32-a0-19-g28bc0835a1 (webtiles) character file.

Game seed: 17511379043801487837

86 Essalna the Digger (level 4, 0/24 HPs)
             Began as a Gargoyle Earth Elementalist on Jan 17, 2024.
             Slain by Grinder (6 damage)
             ... while paralysed by Grinder
             ... on level 3 of the Dungeon.
             The game lasted 00:02:41 (1843 turns).

Essalna the Digger (Gargoyle Earth Elementalist)    Turns: 1843, Time: 00:02:42

Health: 0/24       AC:  5    Str: 12    XL:     4   Next: 49%
Magic:  4/8        EV:  2    Int: 17    God:
Gold:   76         SH:  0    Dex: 10    Spells: 5/9 levels left

rFire   . . .        c - +0 dagger
rCold   . . .        (no shield)
rNeg    + . .        a - +0 robe
rPois   ∞            (no helmet)
rElec   +            (no cloak)
rCorr   .            (no gloves)
SInv    .            (no boots)
Will    .....        (no amulet)
Stlth   ++           (no ring)
HPRegen 0.24/turn    (no ring)
MPRegen 0.11/turn

%: no passive effects
@: paralysed
A: sickness immunity, AC +3, negative energy resistance 1, electricity
resistance, torment resistance 1, petrification resistance
a: no special abilities


You were on level 3 of the Dungeon.
You visited 1 branch of the dungeon, and saw 3 of its levels.

You collected 76 gold pieces.

Inventory:

Hand Weapons
 c - a +0 dagger (weapon)
Armour
 a - a +0 robe (worn)
Scrolls
 f - 2 scrolls of vulnerability {unknown}
 i - a scroll of torment {unknown}
 k - 2 scrolls of identify {unknown}
 l - a scroll of enchant weapon {unknown}
Potions
 b - a potion of magic
 d - a potion of resistance {unknown}
 e - 2 potions of invisibility {unknown}
 g - a potion of might {unknown}
 h - a potion of cancellation {unknown}
 j - a potion of curing {unknown}


   Skills:
 - Level 1.5 Dodging
 - Level 2.1 Stealth
 + Level 3.0 Spellcasting
 + Level 2.6 Conjurations
 + Level 4.6 Earth Magic


You had 5 spell levels left.
You knew the following spells:

 Your Spells              Type           Power      Damage    Failure   Level
a - Sandblast             Erth           36%        2d10      2%          1
b - Stone Arrow           Conj/Erth      28%        3d8       12%         3

Your spell library contained the following spells:

 Spells                   Type           Power      Damage    Failure   Level
 Passwall                 Erth           18%        N/A       8%          3
 Necrotise                Necr           8%         1d4       17%         1
 Ensorcelled Hibernation  Hex/Ice        4%         N/A       26%         2
 Brom's Barrelling Bould  Conj/Erth      14%        2d4       36%         4
 Confusing Touch          Hex            2%         N/A       45%         3
 Petrify                  Alch/Erth      10%        N/A       56%         4
 Cause Fear               Hex            1%         N/A       86%         4


Dungeon Overview and Level Annotations

Branches:
Dungeon (3/15)

Altars:

Annotations:
D:3 Grinder


Innate Abilities, Weirdness & Mutations

You are immune to sickness and miasma.
Your stone body is resilient. (AC +3)
You are immune to poison.
You resist negative energy. (rN+)
You are resistant to electric shocks. (rElec)
You are resistant to unholy torment.
You are immune to petrification.


Message History

The blast of sand hits the endoplasm!
You kill the endoplasm!
Your Spellcasting skill increases to level 3!
You can't see any susceptible monsters within range! (Use Z to cast anyway.)
You can't see any susceptible monsters within range! (Use Z to cast anyway.) Magic restored.
Grinder and a giant cockroach come into view.
There are monsters nearby!
The blast of sand hits Grinder!
Grinder is moderately wounded.
Grinder shouts!
The blast of sand hits Grinder.
Grinder is moderately wounded.
Grinder says, "Tell me all your secrets, or I'll kill you."
Grinder hits you.
You writhe in agony.
Grinder hits you but does no damage.
You are too injured to fight recklessly!
You are too injured to fight recklessly!
You are too injured to fight recklessly!
You are too injured to fight recklessly!
Casting: Sandblast (safe; 2% risk of failure)
Confirm with . or Enter, or press ? or * to list all spells.
Aiming: Sandblast (safe; 2% risk of failure)
Press: ? - help, Shift-Dir - straight line, f/p - Grinder
Aim: Grinder (moderately wounded, 80% to hit)
The blast of sand hits Grinder!
Grinder is heavily wounded.
Grinder hits you.
You writhe in agony.
Casting: Sandblast (safe; 2% risk of failure)
Confirm with . or Enter, or press ? or * to list all spells.
Aiming: Sandblast (safe; 2% risk of failure)
Press: ? - help, Shift-Dir - straight line, f/p - Grinder
Aim: Grinder (heavily wounded, 80% to hit)
The blast of sand hits Grinder!
Grinder is almost dead.
Grinder gestures at you.
You suddenly lose the ability to move!
Grinder hits you.
You writhe in agony.
* * * LOW HITPOINT WARNING * * *
Grinder hits you.
You die...
Grinder sighs, "Dead already?
I want a refund."

#.# ##.## ## # [..
.# # #. #.# .# .#
#.###<# .# ...
###.....# .# ....
#.......# .#.....
#.#.....###.......
#......@5B......
###...####......
.......# .....
####.### .... #.
... #. +# #.


You could see Grinder and a giant cockroach.

Vanquished Creatures
  3 gnolls (D:2)
  An adder (D:2)
  A dart slug (D:2)
  2 ribbon worms (D:2)
  3 ball pythons
  4 endoplasms
  2 giant cockroaches (D:1)
  2 goblins
  6 hobgoblins
  3 quokkas
  3 bats
  4 frilled lizards (D:2)
  2 kobolds (D:1)
  4 rats
40 creatures vanquished.

Notes
Turn   | Place    | Note
-------+----------+-------------------------------------------
     0 | D:1      | Essalna the Gargoyle Earth Elementalist began the quest for
                  | the Orb.
     0 | D:1      | Reached XP level 1. HP: 10/10 MP: 3/3
   150 | D:1      | Got the Directory of Ensorcelling
   210 | D:1      | Reached XP level 2. HP: 15/15 MP: 1/5
   514 | D:1      | Reached skill level 4 in Earth Magic
   900 | D:2      | Reached XP level 3. HP: 19/19 MP: 3/6
  1092 | D:2      | Found a faded altar of an unknown god.
  1137 | D:2      | Reached XP level 4. HP: 24/24 MP: 1/8
  1225 | D:2      | Learned a level 3 spell: Stone Arrow
  1468 | D:2      | Got Plato's Tractate on Sinister Rituals
  1837 | D:3      | Noticed Grinder
  1842 | D:3      | Paralysed by Grinder for 2 turns
  1843 | D:3      | Slain by Grinder

Illustrated notes

Levels and vault maps discovered:
D:1:      sevenhm_arrival_forest_fort_small_6, layout_loops_ring
D:2:      layout_loops_cross, shapermc_ecumenical_altar_rom_forum,
          minmay_pentomino_o4
D:3:      layout_loops_corners, mainiacjoe_overflow_small_starburst,
          nrook_mini_backslash, uniq_ijyb, uniq_grinder, uniq_jessica,
          uniq_natasha

Skill      XL: |  1  2  3  4 |
---------------+-------------+-----
Earth Magic    | 4 |  4.6
Conjurations   | 2 |  2.6
Spellcasting   | 3 |  3.0
Dodging        | |  1.5
Stealth        | |  2.1

Action                     |  1- 3 |  4- 6 || total
---------------------------+-------+-------++-------
  Melee: Dagger            |    18 |       ||    18
   Cast: Sandblast         |    41 |    22 ||    63
 Armour: Robe              |    17 |     6 ||    23
  Dodge: Dodged            |    18 |     4 ||    22

Table legend: (Time is in decaauts)
 A = Elapsed time spent in this place.
 B = Non-inter-level travel time spent in this place.
 C = Inter-level travel time spent in this place.
 D = Time resting spent in this place.
 E = Time spent auto-exploring this place.
 F = Levels seen in this place.
 G = Mean time per level.
                   A        B        C        D        E       F      G
               +--------+--------+--------+--------+--------+-----+--------+
         Total |   1873 |   1767 |    106 |      0 |   1494 |   3 |  624.3 |
       Dungeon |   1873 |   1767 |    106 |      0 |   1494 |   3 |  624.3 |
               +--------+--------+--------+--------+--------+-----+--------+

Top non-repeatable levels by time:
     D:2: 997 daAuts
     D:1: 842 daAuts
     D:3: 33 daAuts
